 Dungeon Crawl Stone Soup version 0.30-a0-845-g7c6808c8ce (webtiles) character file.

Game seed: 16402718491892022861

145 dialectric the Covered (level 5, -1/33 HPs)
             Began as a Gargoyle Fighter on Mar 2, 2023.
             Slain by a river rat (2 damage)
             ... summoned by Eustachio
             ... on level 4 of the Dungeon.
             The game lasted 00:06:04 (2284 turns).

dialectric the Covered (Gargoyle Fighter)           Turns: 2284, Time: 00:06:05

Health: -1/33      AC: 12    Str: 20    XL:     5   Next: 27%
Magic:  5/5        EV: 10    Int:  8    God:
Gold:   172        SH:  0    Dex: 11    Spells: 4/4 levels left

rFire   . . .      SeeInvis .    m - +2 long sword (elec)
rCold   . . .      Faith    .    (no shield)
rNeg    + . .      Spirit   .    b - +0 scale mail
rPois   ∞          Reflect  .    (no helmet)
rElec   +          Rampage  .    (no cloak)
rCorr   .                        (no gloves)
Will    .....                    p - +0 pair of boots Stlth
                                 (no amulet)
HPRegen 0.25/turn                (no ring)
MPRegen 0.09/turn                (no ring)

@: no status effects
A: sickness immunity, AC +4, negative energy resistance 1, electricity
resistance, torment resistance 1, petrification resistance
a: no special abilities


You were on level 4 of the Dungeon.
You visited 1 branch of the dungeon, and saw 4 of its levels.

You collected 172 gold pieces.

Inventory:

Hand Weapons
 a - a +0 flail
 m - a +2 long sword of electrocution (weapon)
Missiles
 e - 3 silver javelins (quivered)
 n - 5 poisoned darts
Armour
 b - a +0 scale mail (worn)
 c - a +0 buckler
 p - a +0 pair of boots (worn)
Scrolls
 f - a scroll of magic mapping
 h - a scroll of brand weapon {unknown}
 i - a scroll of noise {unknown}
 j - a scroll of butterflies
 k - a scroll of teleportation {unknown}
 l - 2 scrolls of identify
 o - 2 scrolls of fear
Potions
 d - 3 potions of might


   Skills:
 - Level 4.0 Fighting
 * Level 1.1 Long Blades
 - Level 2.9 Maces & Flails
 + Level 4.1 Armour
 - Level 2.0 Dodging
 - Level 3.2 Shields


You had 4 spell levels left.
You didn't know any spells.
Your spell library contained the following spells:

 Spells                   Type           Power      Damage    Failure   Level
 Ozocubu's Armour         Ice            0%         N/A       98%         3
 Ozocubu's Refrigeration  Ice            0%         4d7       100%        7


Dungeon Overview and Level Annotations

Branches:
Dungeon (4/15)
 Temple: D:4-7

Altars:
Sif Muna

Annotations:
D:4 Eustachio


Innate Abilities, Weirdness & Mutations

You are immune to sickness and miasma.
Your stone body is resilient. (AC +4)
You are immune to poison.
You resist negative energy. (rN+)
You are resistant to electric shocks. (rElec)
You are resistant to unholy torment.
You are immune to petrification.


Message History

The river rat bites you but does no damage.
You slash Eustachio! Lightning courses through Eustachio!
Eustachio is severely wounded.
The quokka completely misses you. Eustachio hits you with a +0 falchion.
The river rat bites you.
The quokka bites you but does no damage.
Eustachio hits you with a +0 falchion!
* * * LOW HITPOINT WARNING * * *
You are too injured to fight recklessly!
You miss Eustachio.
Eustachio is severely wounded.
The river rat closely misses you. The ufetubus barely misses you.
The ufetubus closely misses you.
The quokka bites you but does no damage.
The shadow imp hits you but does no damage.
Eustachio barely misses you.
The river rat bites you but does no damage.
The ufetubus barely misses you.
The ufetubus hits you but does no damage.
The shadow imp gestures at you.
You are unaffected.
The crimson imp blinks!
The quokka bites you.
* * * LOW HITPOINT WARNING * * *
You barely miss Eustachio.
Eustachio is severely wounded.
The ufetubus closely misses you. x2
A gnoll bouda comes into view. It is wielding a +0 whip.
Eustachio hits you but does no damage. The quokka barely misses you.
The river rat bites you.
* * * LOW HITPOINT WARNING * * *
The crimson imp blinks!
The shadow imp barely misses you.
The ufetubus hits you but does no damage.
The ufetubus closely misses you.
You barely miss Eustachio.
Eustachio is severely wounded.
The gnoll bouda shouts!
The quokka barely misses you. The ufetubus closely misses you.
The ufetubus barely misses you.
Eustachio mumbles some strange words.
Eustachio blinks!
The river rat bites you.
You die...

....≈≈.≈≈....#
....≈☼○≈≈....#.#
....≈○_°☼....#.#####
....≈≈§§≈....#.....## #
....≈≈≈≈≈....#..#...#..
##.............@..#...
######.##......5..#
#........5.#.# #####
####..).K5@rr# #...#
#####J§#r#...# ....#
#.§.h.. .# ....###
#...o..# ......###
#..#§..# #.(.#...##
#..#.#...
#...###..#####..#..##'
#####............=.# #.
#...........


You could see Eustachio, a black bear, a crimson imp (summoned), 2 river rats, a
shadow imp (summoned), an orc, an ufetubus (summoned), an endoplasm, a quokka
and a kobold.

Vanquished Creatures
  A hound (D:4)
  A gnoll (D:4)
  3 adders
  2 worms
  4 dart slugs
  4 orcs
  2 endoplasms
  3 giant cockroaches
  7 goblins
  2 hobgoblins
  6 jackals
  2 quokkas
  4 ball pythons
  5 bats
  4 frilled lizards
  5 kobolds
  5 rats
60 creatures vanquished.

Notes
Turn   | Place    | Note
-------+----------+-------------------------------------------
     0 | D:1      | dialectric the Gargoyle Fighter began the quest for the
                  | Orb.
     0 | D:1      | Reached XP level 1. HP: 14/14 MP: 1/1
   285 | D:1      | Reached XP level 2. HP: 17/19 MP: 2/2
   799 | D:1      | Reached XP level 3. HP: 23/24 MP: 3/3
   998 | D:2      | Reached skill level 1 in Dodging
  1078 | D:2      | Reached XP level 4. HP: 25/29 MP: 4/4
  2236 | D:4      | Reached XP level 5. HP: 33/33 MP: 5/5
  2249 | D:4      | Found a shimmering blue altar of Sif Muna.
  2271 | D:4      | Noticed Eustachio
  2277 | D:4      | Reached skill level 1 in Long Blades
  2277 | D:4      | Noticed a black bear
  2283 | D:4      | HP: 1/33 [river rat[Eustachio] (1)]
  2284 | D:4      | Slain by a river rat

Illustrated notes

Levels and vault maps discovered:
D:1:      scummos_arrival_forest, layout_basic
D:2:      layout_rooms
D:3:      layout_loops_cross
D:4:      layout_basic, nicolae_sif_muna_condensation,
          dreamdust_princess_corridor, minivault_23,
          minmay_fractal_squares_diagonal_5, uniq_eustachio

Skill      XL: |  1  2  3  4  5 |
---------------+----------------+-----
Dodging        | 1 2 |  2.0
Fighting       | 4 |  4.0
Armour         | 4 |  4.1
Long Blades    | 1 |  1.1
Maces & Flails | |  2.9
Shields        | |  3.2

Action                     |  1- 3 |  4- 6 || total
---------------------------+-------+-------++-------
  Melee: Flail             |   112 |    23 ||   135
         Long sword        |       |    57 ||    57
         Punch             |       |     2 ||     2
    Use: Scroll            |     1 |     3 ||     4
 Armour: Scale mail        |    80 |    55 ||   135
  Dodge: Dodged            |    75 |    73 ||   148

Table legend: (Time is in decaauts)
 A = Elapsed time spent in this place.
 B = Non-inter-level travel time spent in this place.
 C = Inter-level travel time spent in this place.
 D = Time resting spent in this place.
 E = Time spent auto-exploring this place.
 F = Levels seen in this place.
 G = Mean time per level.
                   A        B        C        D        E       F      G
               +--------+--------+--------+--------+--------+-----+--------+
         Total |   2342 |   2235 |    107 |      0 |   1757 |   4 |  585.5 |
       Dungeon |   2342 |   2235 |    107 |      0 |   1757 |   4 |  585.5 |
               +--------+--------+--------+--------+--------+-----+--------+

Top non-repeatable levels by time:
     D:1: 899 daAuts
     D:3: 642 daAuts
     D:2: 495 daAuts
     D:4: 304 daAuts
